 Dungeon Crawl Stone Soup version 0.29-a0-925-g0a7a3d12f8 (webtiles) character file.

Game seed: 4155752419596331759

871 greasedhog the Cudgeller (level 8, -5/50 HPs)
             Began as a Gargoyle Abyssal Knight on July 30, 2022.
             Was an Elder of Lugonu.
             Slain by an ogre
             ... wielding a +0 giant club
              (8 damage)
             ... on level 5 of the Dungeon.
             The game lasted 00:05:55 (5159 turns).

greasedhog the Cudgeller (Gargoyle Abyssal Knight)  Turns: 5159, Time: 00:05:56

Health: -5/50      AC: 14    Str: 19    XL:     8   Next: 3%
Magic:  12/12      EV: 10    Int: 11    God:    Lugonu [****..]
Gold:   240        SH:  0    Dex: 10    Spells: 7/7 levels left

rFire   . . .      SeeInvis .   a - +1 mace
rCold   . . .      Faith    .   (no shield)
rNeg    + + .      Spirit   .   g - +3 ring mail "Viptiask" {rN+ Stlth+}
rPois   ∞          Reflect  .   (no helmet)
rElec   +          Harm     .   (no cloak)
rCorr   .          Rampage  .   (no gloves)
Will    .....                   (no boots)
Stlth   +.........              (no amulet)
HPRegen 0.16/turn               (no ring)
MPRegen 0.13/turn               (no ring)

@: no status effects
A: sickness immunity, AC +5, negative energy resistance 1, electricity
resistance, torment resistance 1, petrification resistance
a: Renounce Religion, Depart the Abyss, Bend Space, Banish, Corrupt


You were on level 5 of the Dungeon.
You worshipped Lugonu.
Lugonu was greatly pleased with you.
You visited 2 branches of the dungeon, and saw 6 of its levels.
You visited the Abyss 1 time.

You collected 240 gold pieces.

Inventory:

Hand Weapons
 a - a +1 mace (weapon)
Missiles
 m - 3 poisoned darts (quivered)
Armour
 g - the +3 ring mail "Viptiask" (worn) {rN+ Stlth+}
   (You found it on level 3 of the Dungeon)

   rN:        It protects you from negative energy.
   Stlth:     It makes you more stealthy.
Wands
 o - a wand of digging (3)
Scrolls
 h - a scroll of butterflies {unknown}
 k - a scroll of silence {unknown}
 l - a scroll of amnesia {unknown}
Potions
 b - a potion of heal wounds
 c - 2 potions of curing
 d - a potion of haste {unknown}
 e - 4 potions of degeneration {unknown}
 f - a potion of ambrosia {unknown}
 i - a potion of berserk rage {unknown}
 j - a potion of flight {unknown}
 n - a potion of invisibility {unknown}


   Skills:
 - Level 5.5 Fighting
 * Level 6.5 Maces & Flails
 - Level 2.1 Armour
 - Level 0.7 Dodging
 * Level 5.4 Invocations


You had 7 spell levels left.
You didn't know any spells.
Your spell library contained the following spells:

 Spells                   Type           Power      Damage    Failure   Level
 Dazzling Flash           Conj/Hex       0%         N/A       87%         3
 Iskenderun's Mystic Bla  Conj/Tloc      0%         2d3       99%         4
 Starburst                Conj/Fire      0%         6d3       100%        6


Dungeon Overview and Level Annotations

Branches:
Dungeon (5/15)             Temple (1/1) D:4

Altars:
Makhleb
Yredelemnul


Innate Abilities, Weirdness & Mutations

You are immune to sickness and miasma.
Your stone body is resilient. (AC +5)
You are immune to poison.
You resist negative energy. (rN+)
You are resistant to electric shocks. (rElec)
You are resistant to unholy torment.
You are immune to petrification.


Message History

You kill the jelly!
Lugonu accepts your kill.
No target in view!
No target in view!
No target in view!
No target in view!
No target in view!
No target in view!
No target in view!
No target in view!
No target in view!
No target in view!
No target in view!
Found a stone staircase leading down.
An ogre comes into view. It is wielding a +0 giant club.
The ogre shouts!
An ogre is nearby!
You barely miss the ogre. You punch the ogre, but do no damage.
The ogre hits you with a +0 giant club!!
You hit the ogre.
The ogre is lightly wounded.
You hit the ogre.
The ogre is moderately wounded.
The ogre closely misses you.
You thump the ogre!
The ogre is heavily wounded.
The ogre hits you with a +0 giant club!
You hit the ogre.
The ogre is severely wounded.
The ogre hits you but does no damage.
You hit the ogre.
The ogre is severely wounded.
You hit the ogre.
The ogre is almost dead.
The ogre hits you with a +0 giant club!
* * * LOW HITPOINT WARNING * * *
You barely miss the ogre.
The ogre is almost dead.
The ogre hits you with a +0 giant club!
You die...

##.##.#####...##.#
......# ##.###.#
##.##.# #.# #.#
#.##.# #.###.#
#.##.# #..##.#
#.##.# ##.##.#
#.##.. #.##.#
#..... #.##O#
####...#####.##@#
......>....#
..#####.#### #.#
..# ####


You could see an ogre.

Vanquished Creatures
  A steam dragon (D:5)
  A black bear (D:4)
  A phantom (D:3)
  3 scorpions
  2 orc priests
  A jelly (D:5)
  Natasha (thrice) (D:3)
  3 orc wizards
  5 adders
  4 worms
  2 dart slugs (D:1)
  15 orcs
  14 ball pythons
  5 bats
  3 endoplasms
  3 giant cockroaches
  5 goblins
  9 hobgoblins
  8 jackals
  6 kobolds
  3 quokkas
  2 frilled lizards (D:3)
  5 rats
104 creatures vanquished.

Notes
Turn   | Place    | Note
-------+----------+-------------------------------------------
     0 | Abyss:1  | greasedhog the Gargoyle Abyssal Knight began the quest for
                  | the Orb.
     0 | Abyss:1  | Reached XP level 1. HP: 14/14 MP: 2/2
     1 | D:1      | Escaped the Abyss
   192 | D:1      | Reached XP level 2. HP: 18/19 MP: 3/3
   937 | D:1      | Reached XP level 3. HP: 24/24 MP: 4/4
  1200 | D:2      | Reached skill level 3 in Maces & Flails
  1384 | D:2      | Reached *** piety under Lugonu
  1526 | D:2      | Reached XP level 4. HP: 18/30 MP: 5/5
  2013 | D:3      | Noticed a phantom
  2033 | D:3      | Killed a phantom
  2034 | D:3      | Reached skill level 5 in Fighting
  2034 | D:3      | Reached skill level 4 in Maces & Flails
  2034 | D:3      | Reached XP level 5. HP: 33/35 MP: 6/6
  2094 | D:3      | Found a faded altar of an unknown god.
  2142 | D:3      | Reached XP level 6. HP: 18/40 MP: 7/7
  2373 | D:3      | Identified the +3 ring mail "Viptiask" {rN+ Stlth+}
  2586 | D:3      | Noticed Natasha
  2595 | D:3      | Killed Natasha
  2595 | D:3      | Reached **** piety under Lugonu
  2703 | D:3      | Noticed Natasha
  2713 | D:3      | Killed Natasha
  2956 | D:3      | Noticed Natasha
  2969 | D:3      | Killed Natasha
  3346 | D:4      | Found a burning altar of Makhleb.
  3433 | D:4      | Found a staircase to the Ecumenical Temple.
  3442 | Temple   | Entered the Ecumenical Temple
  3602 | D:4      | Noticed a black bear
  3611 | D:4      | Killed a black bear
  3612 | D:4      | Reached skill level 5 in Maces & Flails
  3612 | D:4      | Reached XP level 7. HP: 27/44 MP: 9/9
  3978 | D:4      | Found a basalt altar of Yredelemnul.
  4713 | D:5      | Entered Level 5 of the Dungeon
  4912 | D:5      | Noticed a steam dragon
  5007 | D:5      | Killed a steam dragon
  5008 | D:5      | Reached skill level 6 in Maces & Flails
  5008 | D:5      | Reached skill level 5 in Invocations
  5035 | D:5      | Reached XP level 8. HP: 46/50 MP: 10/12
  5159 | D:5      | Slain by an ogre

Illustrated notes

Levels and vault maps discovered:
D:1:      zelgadis_glass_arrival_small, layout_basic, minivault_11,
          minmay_cupped
D:2:      layout_basic
D:3:      layout_basic, ebering_ecumenical_altar_mist, uniq_natasha
D:4:      layout_loops_corners, mainiacjoe_overflow_alcove_1,
          mainiacjoe_overflow_tiny_flanked, lemuel_temple_firewalk_b
D:5:      layout_loops_ring
Temple:   mainiacjoe_temple_coin_purse

Skill      XL: |  1  2  3  4  5  6  7 |
---------------+----------------------+-----
Fighting       | 4 5 |  5.5
Maces & Flails | 3 4 5 6 |  6.5
Invocations    | 3 5 |  5.4
Armour         | |  2.1
Dodging        | |  0.7

Action                   |  1- 3 |  4- 6 |  7- 9 || total
-------------------------+-------+-------+-------++-------
Melee: Mace              |    95 |   184 |   116 ||   395
       Punch             |     1 |     2 |     1 ||     4
Throw: Dart              |       |     4 |       ||     4
Evoke: Wand              |       |     1 |     5 ||     6
  Use: Scroll            |       |     3 |       ||     3
       Potion            |       |     1 |       ||     1
 Stab: Sleeping          |       |     1 |       ||     1
Armor: Leather armour    |    10 |       |       ||    10
       Ring mail         |    45 |    61 |    60 ||   166
       Chain mail        |       |    43 |       ||    43
Dodge: Dodged            |    61 |   109 |    46 ||   216

Table legend: (Time is in decaauts)
 A = Elapsed time spent in this place.
 B = Non-inter-level travel time spent in this place.
 C = Inter-level travel time spent in this place.
 D = Time resting spent in this place.
 E = Time spent auto-exploring this place.
 F = Levels seen in this place.
 G = Mean time per level.
                   A        B        C        D        E       F      G
               +--------+--------+--------+--------+--------+-----+--------+
         Total |   5263 |   4972 |    291 |    277 |   3811 |   7 |  751.9 |
       Dungeon |   5260 |   4969 |    291 |    277 |   3811 |   5 | 1052.0 |
        Temple |      1 |      1 |      0 |      0 |      0 |   1 |    1.0 |
         Abyss |      1 |      1 |      0 |      0 |      0 |   1 |    1.0 |
               +--------+--------+--------+--------+--------+-----+--------+

Top non-repeatable levels by time:
     D:4: 1816 daAuts
     D:1: 1140 daAuts
     D:3: 1031 daAuts
     D:2: 891 daAuts
     D:5: 380 daAuts
  Temple: 1 daAuts
 Abyss:1: 1 daAuts
